Map: Acolyte LE

Players

Winthrowe

  • Race: Terran Terran
  • League: Silver
  • Spawn Location: 7:00

A.I. 1 (Harder) - Winner!

  • Race: Protoss Protoss
  • Spawn Location: 1:00

VOD

Have the link to the VOD?

Description

Time

  • Played on: Aug. 19, 2017, 2:13 p.m.
  • Length: 25:24
Show
View Real Time Build Order
Export as new Build Order

Winthrowe Terran 

Build Orders:  

Get SALT Encoding   

  12  0:02  SCV  
  13  0:14  SCV  
  14  0:21  Supply Depot  
  14  0:26  SCV  
  15  0:43  SCV  
  15  0:45  Barracks  
  16  0:55  SCV  
  17  1:03  Refinery  
  17  1:07  SCV  
  18  1:19  SCV  
  19  1:27  Supply Depot  
  19  1:31  SCV  
  20  1:37  Engineering Bay  
  20  1:43  SCV  
  21  1:55  SCV  
  22  2:06  Command Center  
  22  2:08  SCV  
  23  2:10  Marine  
  24  2:24  Factory  
  24  2:27  SCV  
  24  2:28  Marine  
  26  2:35  Refinery  
  26  2:39  Orbital Command  
  26  2:46  Marine  
  27  3:01  Engineering Bay  
  27  3:03  Marine  
  28  3:21  Starport  
  28  3:26  Armory  
  28  3:28  Hellion  
  28  3:30  Marine  
  31  3:44  Refinery  
  31  3:45  SCV  
  31  3:48  Marine  
  32  3:49  SCV, Hellion  
  36  3:57  SCV  
  36  4:01  SCV  
  38  4:04  Medivac  
  38  4:09  SCV  
  41  4:14  Supply Depot  
  41  4:21  SCV, Cyclone  
  45  4:36  Marine, Medivac  
  45  4:37  Supply Depot  
  49  4:52  SCV  
  49  4:53  Hellion  
  49  4:54  Marine  
  49  4:56  SCV  
  53  5:00  Supply Depot  
  53  5:05  SCV  
  54  5:08  SCV  
  54  5:12  Refinery  
  55  5:15  Hellion  
  55  5:17  SCV  
  58  5:22  Terran Infantry Armor Level 1  
  58  5:24  Terran Infantry Weapons Level 1, Supply Depot  
  58  5:29  Terran Vehicle And Ship Armor Level 1  
  58  5:37  Starport Reactor  
  58  5:39  Factory Tech Lab  
  58  5:47  Supply Depot  
  58  5:58  Marine  
  58  6:03  Hellbat  
  61  6:09  Supply Depot  
  61  6:24  Hellbat  
  63  6:29  Barracks Tech Lab  
  63  6:30  Bunker  
  63  6:34  Viking x2  
  67  6:46  Hellbat  
  55  7:04  Viking x2  
  55  7:07  Hellbat  
  41  7:27  Marine  
  41  7:28  Hellbat  
  44  7:34  Viking x2  
  48  7:44  Marine  
  47  8:02  Marine  
  47  8:04  Viking x2  
  52  8:20  Marine  
  53  8:31  Hellbat  
  53  8:34  Medivac x2  
  57  8:38  Marine  
  60  8:46  Liberator  
  60  8:47  Liberator  
  60  8:52  Hellbat  
  62  8:56  Marine  
  69  9:13  Hellbat  
  69  9:14  Marine  
  72  9:19  Orbital Command  
  72  9:29  Liberator  
  72  9:30  Liberator  
  72  9:31  Marine  
  72  9:35  Hellbat  
  75  9:41  Command Center  
  75  9:48  Barracks  
  75  9:51  Stimpack  
  81  9:56  Hellbat, Marauder  
  85  10:17  Thor, Marauder  
  93  10:26  Liberator  
  93  10:32  Liberator  
  93  10:34  Supply Depot  
  93  10:35  Supply Depot  
  93  10:36  Supply Depot  
  93  10:38  Supply Depot  
  93  10:39  Supply Depot  
  93  10:45  Marauder  
  91  10:54  Planetary Fortress  
  87  11:00  Cyclone  
  88  11:06  Marauder  
  90  11:13  SCV  
  90  11:14  SCV  
  92  11:25  SCV  
  92  11:26  SCV  
  92  11:28  Marauder  
  92  11:32  Cyclone  
  99  11:38  SCV x2  
  88  11:50  SCV x2  
  88  11:52  Concussive Shells  
  88  11:55  Marauder  
  90  12:04  Hellbat  
  90  12:07  Barracks Reactor  
  92  12:16  Marauder  
  92  12:18  Viking x2  
  98  12:26  Hellbat  
  98  12:28  Supply Depot  
  98  12:29  SCV x2  
  102  12:30  SCV  
  102  12:34  Combat Shields  
  103  12:38  Marauder  
  103  12:41  SCV  
  103  12:42  SCV x2  
  108  12:46  Marine x2  
  108  12:47  Hellbat  
  108  12:51  Supply Depot  
  112  12:54  SCV x2  
  114  12:59  Marauder  
  114  13:03  Marine  
  114  13:04  Marine, Fusion Core  
  118  13:09  Hellbat  
  120  13:13  Supply Depot  
  120  13:20  Marauder  
  120  13:21  Marine  
  92  13:42  Marauder  
  83  13:54  Marine x2  
  83  13:58  Hellbat  
  83  14:01  Viking x2  
  86  14:03  Marauder  
  85  14:12  Marine x2  
  87  14:19  Hellbat  
  89  14:25  Marauder  
  89  14:30  Marine x2  
  89  14:31  Medivac x2  
  97  14:40  Hellbat  
  99  14:46  Marauder  
  99  14:47  Marine  
  99  14:48  Marine  
  103  15:02  Hellbat  
  103  15:05  Marine  
  103  15:06  Marine  
  107  15:07  Marauder  
  107  15:10  Viking x2  
  111  15:23  Marine x2, Hellbat  
  113  15:29  Marauder  
  109  15:40  Viking x2  
  109  15:41  Marine x2  
  108  15:44  Thor  
  106  15:50  Marauder  
  108  15:59  Marine x2  
  108  16:00  Terran Infantry Weapons Level 2  
  108  16:01  Terran Infantry Armor Level 2  
  109  16:04  Terran Vehicle Weapons Level 1  
  109  16:10  Viking x2  
  113  16:12  Marauder  
  113  16:16  Marine  
  113  16:17  Marine  
  117  16:27  Thor  
  123  16:33  Marauder  
  123  16:34  Marine  
  123  16:35  Marine  
  127  16:40  Viking x2  
  131  16:52  Marine  
  131  16:53  Marine  
  133  16:54  Marauder  
  135  17:10  Viking x2, Thor, Marine x2  
  147  17:16  Marauder  
  149  17:28  Marine x2  
  151  17:37  Marauder  
  151  17:40  Viking x2  
  156  17:45  Marine  
  156  17:46  Marine  
  149  17:53  Cyclone  
  125  17:58  Marauder  
  109  18:07  Marine  
  109  18:08  Marine  
  109  18:09  Viking  
  101  18:19  Marine  
  98  18:25  Marine, Cyclone  
  98  18:26  Marine  
  103  18:38  Marauder  
  105  18:43  Marine x2  
  107  18:54  SCV  
  108  18:57  Cyclone  
  108  18:59  Marauder  
  108  19:01  Marine x2  
  115  19:19  Marine x2  
  115  19:20  Marauder  
  119  19:29  Thor  
  125  19:36  Marine  
  125  19:37  Marine  
  127  19:42  Marauder  
  127  19:43  Orbital Command  
  129  19:54  Marine  
  129  19:55  Marine  
  131  20:03  Marauder  
  133  20:11  SCV  
  133  20:12  Thor, Marine x2  
  142  20:18  Refinery  
  142  20:23  SCV  
  142  20:24  Marine  
  144  20:30  Marine x2  
  144  20:32  Barracks  
  146  20:36  SCV  
  149  20:42  Marauder  
  149  20:44  Refinery  
  149  20:48  Marine x2  
  142  21:03  Viking  
  142  21:04  Medivac, Marauder  
  148  21:05  Marine  
  148  21:06  Marine  
  150  21:13  Orbital Command  
  150  21:23  Marine  
  150  21:24  Marine  
  150  21:25  Marauder  
  154  21:41  Marine  
  154  21:42  Marine  
  154  21:44  Hellion  
  154  21:46  Marine  
  125  21:59  Marine x2  
  110  22:04  Marine  
  110  22:05  Hellion  
  81  22:17  Marine x2  
  81  22:22  Marine  
  84  22:27  Hellion  
  86  22:33  SCV  
  86  22:34  Marine  
  86  22:35  Marine  
  89  22:40  Marauder  
  91  22:46  Barracks Reactor, SCV  
  91  22:48  Hellion  
  94  22:52  Marine  
  94  22:53  Marine  
  94  22:57  Refinery  
  94  22:58  SCV  
  97  23:00  Refinery  
  97  23:01  Marauder  
  99  23:09  Hellion  
  99  23:10  Marine, SCV  
  99  23:11  Marine  
  104  23:22  SCV  
  104  23:23  Marauder  
  104  23:24  Marine x2  
  109  23:28  Marine x2  
  109  23:31  Hellion  
  113  23:41  Marine  
  113  23:42  Marine  
  113  23:43  Medivac  
  113  23:44  Marine  
  113  23:46  Marine x2  
  120  23:52  Hellion  
  122  23:59  Marine  
  122  24:00  Marine  
  122  24:01  Marine  
  125  24:04  Marine x2  
  127  24:14  Hellion  
  97  24:17  Marine  
  97  24:18  Marine  
  97  24:19  Marine  
  97  24:21  Marine  
  97  24:22  Marine  
  93  24:35  Marine x2  
  93  24:37  Marine  
  90  24:39  Marine  
  90  24:40  Marine  
  90  24:43  Viking  
  90  24:44  Viking  
  89  24:53  Marine x2  
  89  24:55  Marine  
  89  24:57  Marine x2  
Show
View Real Time Build Order
Export as new Build Order

A.I. 1 (Harder) Protoss - Winner!

Build Orders:  

Get SALT Encoding   

  12  0:01  Probe (Chrono Boost)  
  13  0:11  Probe (Chrono Boost)  
  14  0:20  Pylon  
  14  0:22  Probe (Chrono Boost)  
  15  0:38  Probe (Chrono Boost)  
  16  0:47  Assimilator  
  16  0:49  Probe (Chrono Boost)  
  17  0:51  Gateway  
  17  0:59  Pylon, Probe (Chrono Boost)  
  18  1:10  Probe (Chrono Boost)  
  19  1:21  Probe (Chrono Boost)  
  20  1:35  Zealot  
  22  1:40  Cybernetics Core  
  22  1:42  Gateway  
  22  1:46  Assimilator  
  22  1:59  Pylon  
  22  2:14  Adept  
  22  2:19  Warp Gate  
  24  2:28  Stalker  
  26  2:39  Zealot  
  28  2:45  Pylon  
  28  2:58  Zealot  
  28  3:05  Adept  
  32  3:23  Adept  
  32  3:24  Pylon  
  34  3:31  Stalker  
  36  3:43  Probe (Chrono Boost)  
  37  3:50  Stalker  
  37  3:54  Probe (Chrono Boost)  
  40  4:00  Stalker  
  42  4:03  Forge  
  42  4:06  Probe (Chrono Boost)  
  43  4:11  Pylon  
  44  4:17  Probe (Chrono Boost)  
  44  4:28  Adept, Probe (Chrono Boost)  
  47  4:38  Adept  
  47  4:40  Probe (Chrono Boost)  
  50  4:48  Adept  
  52  5:56  Protoss Ground Weapons Level 1  
  52  6:01  Sentry  
  52  6:04  Photon Cannon  
  54  6:05  Photon Cannon  
  54  6:08  Pylon  
  54  6:09  Gateway, Stalker  
  56  6:12  Robotics Facility, Nexus  
  56  6:24  Stalker  
  58  6:30  Twilight Council  
  58  6:32  Stalker  
  60  6:47  Stalker  
  62  6:54  Sentry  
  62  6:55  Pylon  
  62  6:59  Observer  
  62  7:01  Blink  
  57  7:05  Stalker  
  55  7:12  Zealot  
  51  7:19  Observer  
  51  7:20  Zealot  
  54  7:27  Probe (Chrono Boost)  
  54  7:28  Stalker  
  54  7:29  Probe (Chrono Boost)  
  58  7:36  Zealot  
  60  7:38  Probe (Chrono Boost)  
  60  7:39  Protoss Ground Armor Level 1  
  60  7:41  Probe (Chrono Boost)  
  62  7:47  Adept  
  62  7:49  Probe (Chrono Boost)  
  63  7:52  Probe (Chrono Boost)  
  63  7:56  Adept  
  66  8:01  Probe (Chrono Boost)  
  66  8:04  Pylon, Probe (Chrono Boost)  
  68  8:12  Probe (Chrono Boost)  
  69  8:13  Pylon  
  69  8:16  Probe (Chrono Boost)  
  70  8:21  Stargate  
  70  8:23  Probe (Chrono Boost)  
  72  8:27  Probe (Chrono Boost)  
  73  8:34  Photon Cannon, Probe (Chrono Boost)  
  73  8:39  Photon Cannon  
  73  8:49  Forge  
  73  9:14  Assimilator  
  73  9:20  Assimilator  
  73  9:36  Probe (Chrono Boost)  
  73  9:37  Probe (Chrono Boost)  
  75  9:47  Probe x2 (Chrono Boost)  
  77  9:57  Probe (Chrono Boost)  
  78  10:06  Protoss Ground Weapons Level 2, Warp Prism  
  78  10:07  Void Ray  
  78  10:13  Gateway  
  84  10:14  Zealot  
  84  10:15  Robotics Facility  
  84  10:18  Stargate  
  84  10:19  Nexus, Stalker  
  88  10:29  Protoss Ground Armor Level 2  
  88  10:40  Warp Prism  
  90  10:43  Zealot  
  90  10:48  Zealot  
  84  10:53  Zealot  
  70  10:57  Void Ray  
  70  11:01  Warp Prism  
  70  11:03  Sentry  
  72  11:08  Stalker, Gateway  
  72  11:10  Stargate  
  74  11:13  Stalker  
  74  11:15  Observer  
  77  11:18  Stalker  
  79  11:25  Stalker  
  79  11:30  Stalker  
  83  11:35  Stalker  
  85  11:40  Stalker  
  85  11:47  Stalker  
  85  11:52  Stalker  
  85  11:54  Probe (Chrono Boost)  
  90  11:56  Probe (Chrono Boost)  
  90  11:58  Sentry, Probe (Chrono Boost)  
  94  12:03  Stalker  
  94  12:05  Probe (Chrono Boost)  
  94  12:08  Probe (Chrono Boost)  
  98  12:10  Probe (Chrono Boost), Protoss Shields Level 1  
  99  12:16  Probe (Chrono Boost)  
  99  12:19  Probe (Chrono Boost)  
  99  12:22  Probe (Chrono Boost)  
  102  12:27  Probe (Chrono Boost)  
  102  12:29  Robotics Bay  
  103  12:31  Protoss Air Weapons Level 1, Probe (Chrono Boost)  
  103  12:33  Probe (Chrono Boost)  
  105  12:38  Probe (Chrono Boost)  
  105  12:42  Probe (Chrono Boost)  
  107  12:49  Pylon  
  107  12:53  Pylon  
  107  12:58  Nexus  
  107  13:10  Gravitic Drive  
  107  13:15  Photon Cannon  
  107  13:16  Photon Cannon  
  107  13:26  Templar Archives  
  107  13:31  Dark Shrine  
  97  13:37  Zealot  
  97  13:38  Void Ray  
  97  13:40  Photon Cannon  
  95  13:45  Photon Cannon  
  95  13:46  Zealot  
  95  13:47  Assimilator  
  99  13:50  Assimilator, Zealot  
  99  13:51  Void Ray  
  105  13:57  Disruptor  
  106  14:03  Adept  
  106  14:05  Immortal  
  111  14:15  Zealot, Protoss Air Armor Level 1  
  113  14:17  Assimilator  
  113  14:19  Zealot  
  113  14:29  Disruptor  
  113  14:32  Fleet Beacon  
  113  14:35  Assimilator  
  116  14:46  Adept  
  116  14:51  Immortal  
  118  14:58  Probe (Chrono Boost)  
  124  15:00  Probe (Chrono Boost)  
  124  15:01  Probe (Chrono Boost)  
  124  15:02  Disruptor  
  124  15:03  Probe (Chrono Boost)  
  129  15:09  Probe (Chrono Boost)  
  129  15:14  Tempest  
  130  15:20  Pylon  
  136  15:26  Tempest  
  136  15:27  Disruptor  
  136  15:34  Sentry  
  145  15:40  Sentry  
  143  15:44  Zealot  
  143  15:45  Pylon  
  143  15:49  Stalker  
  135  15:53  Stalker  
  135  15:58  Stalker  
  135  15:59  Protoss Shields Level 2  
  135  16:02  Stalker  
  133  16:06  Stalker  
  133  16:11  Observer Gravitic Boosters, Stalker  
  137  16:16  Protoss Ground Weapons Level 3  
  137  16:24  Pylon  
  137  16:27  Pylon  
  137  16:47  Photon Cannon  
  137  16:50  Photon Cannon  
  137  17:13  Phoenix  
  137  17:18  Zealot  
  137  17:21  Zealot  
  143  17:24  Stalker  
  143  17:27  Stalker, Protoss Air Weapons Level 2  
  143  17:29  Phoenix  
  149  17:37  Probe (Chrono Boost)  
  145  17:48  Zealot, Probe (Chrono Boost)  
  145  17:49  Probe x2 (Chrono Boost)  
  137  17:51  Stalker  
  137  17:54  Zealot  
  137  17:57  Zealot  
  121  18:00  Zealot  
  121  18:04  Protoss Shields Level 3  
  109  18:07  Zealot  
  109  18:08  Void Ray  
  104  18:13  Stalker, Probe (Chrono Boost)  
  104  18:14  Probe x3 (Chrono Boost)  
  104  18:16  Stalker  
  104  18:19  Stalker  
  105  18:22  Stalker  
  105  18:24  Nexus  
  105  18:25  Probe (Chrono Boost)  
  105  18:26  Zealot  
  105  18:35  Zealot  
  105  18:39  Sentry  
  107  18:42  Stalker  
  107  18:44  Stalker  
  107  18:46  Assimilator  
  107  18:47  Stalker, Protoss Ground Armor Level 3  
  113  18:49  Phoenix  
  113  18:53  Stalker  
  118  18:57  Void Ray, Probe x2 (Chrono Boost)  
  118  18:59  Phoenix  
  118  19:00  Probe (Chrono Boost)  
  118  19:01  Probe (Chrono Boost)  
  127  19:05  Zealot  
  127  19:08  Stalker, Probe (Chrono Boost)  
  127  19:09  Probe (Chrono Boost)  
  133  19:11  Zealot  
  133  19:12  Probe (Chrono Boost)  
  133  19:13  Probe (Chrono Boost)  
  133  19:14  Zealot  
  133  19:17  Zealot  
  141  19:20  Probe x2 (Chrono Boost)  
  143  19:25  Adept  
  143  19:27  Protoss Air Armor Level 2  
  143  19:30  Sentry, Pylon  
  147  19:33  Zealot  
  149  19:50  Pylon  
  149  19:53  Pylon  
  149  20:01  Assimilator  
  149  20:06  Assimilator  
  149  20:16  Photon Cannon  
  149  20:18  Photon Cannon  
  147  20:42  Probe (Chrono Boost)  
  147  20:45  Probe (Chrono Boost)  
  147  20:50  Probe (Chrono Boost)  
  147  21:22  Probe (Chrono Boost)  
  147  21:23  Probe (Chrono Boost)  
  147  21:24  Pylon  
  147  21:25  Probe (Chrono Boost)  
  147  21:28  Probe (Chrono Boost)  
  147  21:30  Protoss Air Weapons Level 3  
  138  21:33  Photon Cannon, Probe (Chrono Boost)  
  138  21:34  Probe (Chrono Boost)  
  138  21:36  Probe (Chrono Boost)  
  138  21:39  Probe (Chrono Boost)  
  138  21:44  Adept, Probe (Chrono Boost)  
  138  21:47  Disruptor, Probe x2 (Chrono Boost)  
  137  21:50  Probe (Chrono Boost)  
  137  21:51  Observer  
  137  21:53  Zealot  
  115  21:56  Probe (Chrono Boost)  
  115  21:58  Sentry  
  115  21:59  Void Ray, Probe (Chrono Boost)  
  100  22:06  Sentry  
  100  22:11  Zealot, Observer  
  100  22:15  Zealot  
  99  22:19  Stalker  
  101  22:24  Stalker  
  101  22:25  Void Ray  
  101  22:27  Nexus  
  107  22:31  Probe (Chrono Boost)  
  107  22:32  Stalker, Probe x2 (Chrono Boost)  
  107  22:34  Assimilator  
  112  22:37  Stalker  
  112  22:38  Tempest  
  112  22:43  Assimilator, Nexus  
  120  22:45  Zealot  
  120  22:50  Stalker  
  124  22:54  Stalker  
  126  22:58  Adept, Tempest  
  126  23:02  Disruptor  
  137  23:51  Pylon  
  137  24:04  Probe x2 (Chrono Boost)  
  137  24:09  Pylon, Probe (Chrono Boost)  
  137  24:10  Zealot  
  137  24:11  Pylon  
  137  24:15  Sentry  
  133  24:19  Sentry  
  133  24:23  Stalker  
  137  24:25  Pylon  
  137  24:32  Photon Cannon  
  137  24:34  Photon Cannon  
  137  24:48  Photon Cannon  
  137  24:49  Photon Cannon  
  137  25:11  Zealot  
  133  25:15  Zealot  
  133  25:19  Stalker  
Tags
 
League
Silver
Matchup
PvT
Spawn Locations
Cross Positions
Add a new tag
Caveats
  • Supply blocks, unpowered buildings, or Contaminate may cause inaccurate times.
  • Supply counts are checked every 10 seconds.